 Dungeon Crawl Stone Soup version 0.21.0-3-g78d12a8 (console) character file.

102 ahub the Skirmisher (level 4, -1/35 HPs)
             Began as a Demonspawn Monk on Jan 9, 2018.
             Slain by an adder skeleton (3 damage)
             ... on level 4 of the Dungeon.
             The game lasted 00:05:54 (2566 turns).

ahub the Skirmisher (Demonspawn Monk)               Turns: 2566, Time: 00:05:55

Health: -1/35      AC:  7    Str: 12    XL:     4   Next: 49%
Magic:  4/4        EV: 12    Int: 11    God:
Gold:   123        SH:  4    Dex: 21    Spells: 3/3 levels left

rFire    . . .     SeeInvis .   a - +0 falchion
rCold    . . .     Gourm    .   j - +0 buckler
rNeg     . . .     Faith    .   l - +0 scale mail
rPois    .         Spirit   .   e - +0 helmet
rElec    .         Reflect  .   (no cloak)
rCorr    .         Harm     .   (no gloves)
MR       .....                  (no boots)
Stlth    ++........             (no amulet)
HPRegen  0.11/turn              f - ring of wizardry
MPRegen  0.09/turn              k - -3 ring of evasion (curse)

@: agile, lethally poisoned (-1 -> -5)
A: powered by death 1
a: no special abilities


You were on level 4 of the Dungeon.
You were not hungry.

You visited 1 branch of the dungeon, and saw 4 of its levels.

You collected 123 gold pieces.

Inventory:

Hand Weapons
 a - a +0 falchion (weapon)
Armour
 e - a +0 helmet (worn)
 j - a +0 buckler (worn)
 l - a +0 scale mail (worn)
Jewellery
 f - a ring of wizardry (left hand)
 k - a cursed -3 ring of evasion (right hand)
Scrolls
 g - a scroll of fog
Potions
 d - 2 potions of degeneration
Comestibles
 c - 6 rations


   Skills:
 + Level 3.5 Fighting
 + Level 3.2 Long Blades
 + Level 1.3 Armour
 + Level 3.2 Dodging
 - Level 2.5 Stealth
 + Level 0.4 Shields


You had 3 spell levels left.
You didn't know any spells.

Dungeon Overview and Level Annotations

Branches:
Dungeon (4/15)
 Temple: D:4-7

Altars:
Wu Jian

Annotations:
D:3 Grinder


Innate Abilities, Weirdness & Mutations

You regenerate a little health from kills.


Message History

* * * LOW HITPOINT WARNING * * *
You feel sick. You block the worker ant's attack. x2
You closely miss the worker ant.
The worker ant is almost dead.
* * * LOW HITPOINT WARNING * * *
You feel sick. The worker ant completely misses you.
You hit the worker ant.
You kill the worker ant!
You hit the adder skeleton.
The adder skeleton is moderately damaged.
* * * LOW HITPOINT WARNING * * *
You feel sick. You block the adder skeleton's attack.
The adder skeleton barely misses you.
You hit the adder skeleton.
The adder skeleton is severely damaged.
You block the adder skeleton's attack.
You hit the adder skeleton.
The adder skeleton is almost destroyed.
* * * LOW HITPOINT WARNING * * *
You feel sick. The adder skeleton bites you.
You die...

###.......# #.......#
#.......# #.......#
#.......# #+# ##......#
#.# #......# #.# ######
#....### #.# .....#
#....# #.# ....(#
#....###########.##.....#
+....'.......@Z...'.....+
#....###.##########.....#
#....# #.# .....# ####.#
#.# .....# #.# #.# .....#
#.. #.# Z....# ##. #.#
.....# #.# .....# # #.# .
#


You could see an adder skeleton.

Vanquished Creatures
  A worker ant (D:4)
  An adder (D:2)
  An ooze (D:1)
  An adder skeleton (D:4)
  A worm (D:2)
  2 dart slugs
  2 leopard geckos
  An orc (D:3)
  2 giant cockroaches
  5 goblins
  8 hobgoblins
  2 jackals (D:1)
  11 kobolds
  A ball python (D:1)
  4 bats
  5 frilled lizards
  A rat (D:2)
49 creatures vanquished.

Notes
Turn   | Place    | Note
-------+----------+-------------------------------------------
     0 | D:1      | ahub the Demonspawn Monk began the quest for the Orb.
     0 | D:1      | Reached XP level 1. HP: 18/18 MP: 1/1
   413 | D:1      | Gained mutation: You regenerate a little health from kills. [demonic ancestry]
   413 | D:1      | Reached XP level 2. HP: 24/24 MP: 2/2
   705 | D:1      | Reached XP level 3. HP: 29/29 MP: 3/3
  1079 | D:2      | Reached skill level 1 in Armour
  1704 | D:2      | Found an ornate altar of the Wu Jian Council.
  2252 | D:3      | Reached XP level 4. HP: 30/35 MP: 4/4
  2264 | D:3      | Noticed Grinder
  2271 | D:3      | Paralysed by Grinder for 4 turns
  2566 | D:4      | Slain by an adder skeleton

Skill      XL: |  1  2  3 |
---------------+----------+-----
Stealth        | 2 |  2.5
Long Blades    | 3 |  3.2
Dodging        | 3 |  3.2
Armour         | 1 |  1.3
Fighting       | |  3.5
Shields        | |  0.4

Action                   |  1- 3 |  4- 6 || total
-------------------------+-------+-------++-------
Melee: Falchion          |   154 |    38 ||   192
  Use: Scroll            |     3 |       ||     3
       Potion            |       |     5 ||     5
 Stab: Sleeping          |     2 |       ||     2
  Eat: Chunk             |     1 |     1 ||     2
       Ration            |     1 |       ||     1
Armor: Ring mail         |    47 |       ||    47
       Scale mail        |     1 |    13 ||    14
Dodge: Dodged            |    89 |    10 ||    99
Block: Buckler           |     1 |    11 ||    12
       Rpst.: Falchion   |    26 |       ||    26
